 Dungeon Crawl Stone Soup version 0.22-a0-891-g4570db1 (webtiles) character file.

187260 Hedningen the Warrior (level 17, -17/256 HPs)
             Began as a Demonspawn Archaeologist on Aug 19, 2019.
             Was the Champion of Uskayaw.
             Killed from afar by a ghostly deep elf knight (22 damage)
             ... with a stone arrow
             ... on level 3 of the Elven Halls on Aug 20, 2019.
             The game lasted 01:07:41 (25175 turns).

Hedningen the Warrior (Demonspawn Archaeologist)   Turns: 25175, Time: 01:07:43

Health: -17/256    AC: 22    Str: 18      XL:     17   Next: 87%
Magic:  0/25       EV: 11    Int: 14 (15) God:    Uskayaw [******]
Gold:   2184       SH: 14    Dex: 16      Spells: 16/16 levels left

rFire    + . .     SeeInvis +   e - +12 Vampire's Tooth {vamp}
rCold    + . .     Gourm    .   x - +0 shield
rNeg     + + .     Faith    .   r - +8 scale mail "Esaynaul" {rCorr}
rPois    +         Spirit   +   c - +1 hat
rElec    .         Reflect  .   h - scarf {cloud immunity}
rCorr    +         Harm     .   H - +0 pair of boots
MR       +....     Clarity  +   y - amulet of the acrobat
Stlth    ..........             Q - ring of positive energy
HPRegen  0.52/turn              a - ring of see invisible
MPRegen  0.38/turn

@: berserking, drained, very quick
A: claws 3, rugged brown scales 2, blurry vision 1, clarity, clever 1, cold
resistance 1, [deterioration 1], fire resistance 1, negative energy resistance
1, poison resistance, robust 1, [screaming 2], [weak 2], wild magic 2, evolution
1, magic shield, magic regeneration, freezing cloud immunity, MP-powered wands
a: Stomp, Line Pass, Grand Finale, Renounce Religion


You were on level 3 of the Elven Halls.
You worshipped Uskayaw.
Uskayaw was aware of your devotion.
You were not hungry.

You visited 5 branches of the dungeon, and saw 27 of its levels.
You visited the Abyss 1 time.
You also visited: Volcano.

You collected 2634 gold pieces.
You spent 450 gold pieces at shops.

Inventory:

Hand Weapons
 e - the +12 Vampire's Tooth (weapon) {vamp}

   It inflicts no extra harm, but heals its wielder when it wounds a living foe.
 o - the +6 hand crossbow "Lifebane" {velocity, Dex+2 SInv, unknown}
   (You found it on level 4 of the Abyss)

   Any bolt fired from it inflicts extra damage.
   It affects your dexterity (+2).
   It lets you see invisible.
 u - a cursed -1 blowgun
Missiles
 s - 24 tomahawks (quivered)
 Z - 12 curare-tipped needles
Armour
 c - a +1 hat (worn)
 h - a scarf of cloud immunity (worn)
 r - the +8 scale mail "Esaynaul" (worn) {rCorr}
   (You bought it in a shop on level 2 of the Orcish Mines)

   It protects you from acid and corrosion.
 x - a +0 shield (worn)
 G - the -1 helmet of the Countless Mice {rF+++ MR- Stlth+}
   (You acquired it on level 1 of the Elven Halls)

   It renders you almost immune to fire.
   It affects your resistance to hostile enchantments.
   It makes you more stealthy.
 H - a +0 pair of boots (worn)
 V - +1 fire dragon scales
Jewellery
 a - a ring of see invisible (right hand)
 y - an amulet of the acrobat (around neck)
 Q - a ring of positive energy (left hand)
Wands
 f - a wand of enslavement (27)
 j - a wand of iceblast (13)
 p - a wand of acid (6)
 I - a wand of disintegration (16)
 P - a wand of scattershot (3)
 S - a wand of digging (26)
Scrolls
 b - 2 scrolls of recharging
 i - 8 scrolls of teleportation
 n - 6 scrolls of amnesia
 v - a scroll of identify
 z - 12 scrolls of remove curse
 C - 4 scrolls of magic mapping
 F - a scroll of silence
 M - 2 scrolls of fog
 N - 2 scrolls of enchant weapon
 T - 5 scrolls of enchant armour
 W - a scroll of holy word {unknown}
 X - a scroll of brand weapon {unknown}
Potions
 d - 7 potions of curing
 k - 4 potions of flight
 l - 3 potions of brilliance
 m - a potion of magic
 t - 2 potions of berserk rage
 B - 2 potions of cancellation
 E - 2 potions of agility
 K - 5 potions of restore abilities
 Y - 3 potions of might
Comestibles
 g - 39 rations


   Skills:
 - Level 17.6(17.2) Fighting
 - Level 8.2(7.9) Short Blades
   Level 3.0(2.7) Maces & Flails
 + Level 15.8(15.4) Armour
 - Level 2.6(2.3) Dodging
 - Level 0.8(0.5) Stealth
 - Level 15.4(14.9) Shields
 - Level 11.8(11.4) Invocations


You had 16 spell levels left.
You didn't know any spells.
Your spell library contained the following spells:

 Spells                   Type           Power        Failure   Level  Hunger
 Cause Fear               Hex            #.........   100%        4    #####..
 Apportation              Tloc           #.....       71%         1    ##.....
 Slow                     Hex            #.......     82%         2    ###....
 Confuse                  Hex            #.......     95%         3    ####...
 Summon Small Mammal      Summ           #...         71%         1    ##.....
 Animate Skeleton         Necr           N/A          71%         1    ##.....
 Summon Ice Beast         Ice/Summ       #.......     100%        4    #####..
 Sublimation of Blood     Necr           #.........   82%         2    ###....
 Tukima's Dance           Hex            #.......     95%         3    ####...
 Confusing Touch          Hex            #.....       71%         1    ##.....
 Ignite Poison            Fire/Tmut/Pois #.......     95%         3    ####...
 Call Canine Familiar     Summ           #.......     95%         3    ####...
 Ensorcelled Hibernation  Hex/Ice        #.....       82%         2    ###....
 Summon Butterflies       Summ           #.......     71%         1    ##.....
 Corona                   Hex            #......      71%         1    ##.....
 Alistair's Intoxication  Tmut/Pois      #.......     100%        5    ######.
 Portal Projectile        Hex/Tloc       #.....       95%         3    ####...
 Petrify                  Tmut/Erth      #.......     100%        4    #####..
 Leda's Liquefaction      Hex/Erth       #.........   100%        4    #####..
 Summon Hydra             Summ           #.........   100%        7    #######
 Inner Flame              Hex/Fire       #.......     95%         3    ####...
 Dazzling Spray           Conj/Hex       #.....       95%         3    ####...
 Virulence                Hex/Pois       #.......     100%        4    #####..
 Summon Mana Viper        Hex/Summ       #.......     100%        5    ######.
 Irradiate                Conj/Tmut      #.........   100%        5    ######.


Dungeon Overview and Level Annotations

Branches:
Dungeon (15/15)            Temple (1/1) D:5            Lair (6/6) D:8
  Swamp (0/4) Lair:2       Spider (0/4) Lair:3        Slime (0/5) Lair:6
    Orc (2/2) D:10            Elf (3/3) Orc:2        Vaults (0/5) D:13
 Depths (0/5) D:15

Altars:
Cheibriados
Dithmenos
Fedhas
Gozag
Jiyva
Makhleb
Okawaru
Qazlal
Ru
Sif Muna
Trog
Uskayaw
Vehumet
Wu Jian
Xom
The Shining One
Beogh

Shops:
D:7 *   D:11 :*=}   D:13 (:%   Orc:2 ?[(*

Annotations:
Lair:3 exclusion: 4 oklob plants
Lair:4 exclusion: ice statue


Innate Abilities, Weirdness & Mutations

You have claws for hands.
You are mostly covered in rugged brown scales. (AC +2, +5% HP)
Your flesh is cold resistant. (rC+)
You resist negative energy. (rN+)
When hurt, damage is shared between your health and your magic reserves.
You regenerate magic rapidly.
You are immune to freezing clouds.
Scrolls take you a little longer to read.
You possess an exceptional clarity of mind.
Your mind is acute. (Int +2)
Your flesh is heat resistant. (rF+)
Your system is resistant to poisons. (rPois)
You are robust. (+10% HP)
Your spells are harder to cast, but more powerful.
You evolve.
You expend magic power (3 MP) to strengthen your wands.
[Your body sometimes deteriorates upon taking damage.]
[You sometimes yell uncontrollably at your foes.]
[You are very weak. (Str -4)]


Message History

The ghostly deep elf sorcerer casts a spell.
The ghostly deep elf sorcerer seems to speed up.
You are too berserk!
You impale the ghostly deep elf sorcerer!!
You kill the ice beast!
The ghostly deep elf sorcerer is severely damaged.
The deep elf annihilator mumbles some strange words.
The deep elf annihilator blinks!
The deep elf annihilator casts a spell.
The deep elf annihilator blinks!
The deep elf elementalist barely misses you.
The deep elf mage points at you and mumbles some strange words.
You block the shard of ice.
You puncture the ghostly deep elf sorcerer!
You kill the ice beast!
You kill the hell rat!
The hell rat's corpse disappears in a puff of smoke!
The ghostly deep elf sorcerer is almost destroyed.
The ghostly deep elf knight points at you and mumbles some strange words.
The stone arrow hits you!
You die...

# #.e# ### #..# ##
##.# #...%
##..##..##.....
#...#...#...%...
................
......e.e........
.%...eeee..#
....eee@ee# #
.e..%eee§## ##
#....⌠r)e# .##
#...§..se# ..#
#...*.3s.## . ..#
##........## ...
..#
#........(####....
..#
##..e.............
..#
##.......).......


You could see 2 deep elf annihilators, 2 deep elf death magi, 2 ghostly deep elf
sorcerers, 3 deep elf elementalists, a demonic crawler, a deep elf archer, a
deep elf knight, a ghostly deep elf knight, 3 deep elf high priests, 3 deep elf
magi, a smoke demon, a jumping spider, a lost soul and a hell rat.

Vanquished Creatures
  A lich (Abyss:5)
  2 deep elf blademasters
  A tentacled starspawn (Abyss:4)
  A frost giant (D:15)
  An orc warlord (Orc:1)
  5 deep elf elementalists
  3 deep elf sorcerers
  A ghost moth (Abyss:4)
  A stone giant (Orc:2)
  4 deep elf annihilators
  The ghost of toni2068 the Protected, a journeyman HCAc of Wu Jian (Lair:4)
  4 deep elf demonologists
  A red draconian (Volcano)
  2 deep elf death magi
  A fire dragon (D:15)
  3 deep elf high priests
  An ice dragon (Abyss:4)
  11 hydras
  13 two-headed ogres
  4 centaur warriors
  34 dancing weapons
  A death knight (Abyss:4)
  3 death yaks (Lair:6)
  2 ogre magi (Orc:2)
  2 tengu warriors
  An orc high priest (Elf:2)
  Sonja (D:14)
  14 deep elf knights
  Nergalle (Lair:4)
  2 wretched stars
  3 unseen horrors
  A sixfirhy (Abyss:4)
  The ghost of Hedningen the Quickloader, a novice OpAc of Okawaru (D:7)
  2 deep trolls (Orc:2)
  16 deep elf archers
  56 deep elf magi
  2 orc knights
  2 manticores
  3 cyclopes
  2 wolf spider zombies (D:15)
  10 elephants (Lair:4)
  A worldbinder (Abyss:4)
  5 orc sorcerers
  The ghost of Hedningen the Protected, a novice MiAc of Uskayaw (D:6)
  2 black mambas
  An apocalypse crab (Abyss:5)
  4 molten gargoyles (D:14)
  Psyche (D:8)
  8 large abominations
  A gargoyle (D:14)
  A rime drake (shapeshifter) (Elf:2)
  6 spiny frogs
  6 komodo dragons
  3 yaktaurs
  2 small abominations
  An efreet (D:15)
  A tengu conjurer (D:12)
  A queen bee (Lair:2)
  A polar bear (shapeshifter) (Elf:1)
  13 trolls
  Prince Ribbit (D:8)
  8 polar bears
  6 jumping spiders (Lair:3)
  3 slime creatures (D:13)
  5 hornets (Lair:6)
  13 blink frogs
  3 dream sheep (Lair:6)
  6 hippogriffs
  2 boulder beetles
  A neqoxec (Abyss:5)
  3 redbacks (Lair:3)
  13 spriggans (Lair:6)
  An air elemental (Elf:3)
  An ettin skeleton (Abyss:4)
  44 yaks
  2 wyverns
  Sigmund (D:3)
  A ynoxinul (Abyss:5)
  2 wraiths
  A yak (shapeshifter) (Elf:1)
  A basilisk (D:15)
  A basilisk (shapeshifter) (Elf:3)
  4 fire elementals
  6 water elementals
  3 shadows
  6 fire bats (Volcano)
  3 chaos spawn (Abyss:4)
  3 hungry ghosts
  4 vampire mosquitoes (D:15)
  4 wargs
  An acid dragon (D:12)
  A two-headed ogre zombie (D:10)
  14 water moccasins
  8 porcupines
  30 orc warriors
  3 eyes of draining
  13 ice beasts
  3 starcursed masses (Abyss:5)
  5 black bears
  3 boggarts (Lair:6)
  4 sky beasts
  27 ogres
  2 necrophages
  9 phantoms
  4 centaurs
  31 wolves
  12 crocodiles
  A big kobold (D:14)
  13 bullfrogs
  A wyvern zombie (D:14)
  3 earth elementals
  3 scorpions
  A wyvern skeleton (D:7)
  3 troll zombies (D:10)
  40 killer bees
  16 wights
  6 electric eels
  6 howler monkeys
  7 lava snakes (Volcano)
  12 crimson imps
  6 centaur zombies
  2 quasits
  A bullfrog zombie (D:12)
  11 hounds
  7 jellies
  14 orc priests
  19 orc wizards
  3 bullfrog skeletons
  3 centaur skeletons
  2 iguanas
  13 hell rats
  15 worker ants
  16 sheep
  4 ogre zombies
  A hound zombie (D:10)
  A hound skeleton (D:11)
  A worker ant zombie (D:5)
  A gnoll (D:3)
  9 adders
  3 shadow imps
  4 white imps
  6 oozes
  An adder skeleton (D:4)
  3 worms
  8 dart slugs
  4 leopard geckos
  81 orcs
  11 bats
  3 giant cockroaches
  7 goblins
  9 hobgoblins
  4 jackals (D:1)
  3 quokkas
  2 ball pythons
  3 frilled lizards
  3 goblin skeletons (D:10)
  A goblin zombie (D:10)
  3 hobgoblin skeletons (D:10)
  3 hobgoblin zombies (D:10)
  12 kobolds
  15 orc zombies (D:10)
  6 rats
  A plant (D:15)
  A starspawn tentacle (Abyss:4)
1039 creatures vanquished.

Vanquished Creatures (others)
  A rakshasa (Abyss:4)
  A deep elf mage (Elf:3)
  3 spatial vortices (Abyss:4)
  2 orc wizards (Orc:2)
  An orc (Orc:2)
  26 fungi
  20 plants
  A starspawn tentacle (Abyss:4)
55 creatures vanquished.

Grand Total: 1094 creatures vanquished

Notes
Turn   | Place    | Note
-------+----------+-------------------------------------------
     0 | D:1      | Hedningen the Demonspawn Archaeologist began the quest for the Orb.
     0 | D:1      | Reached XP level 1. HP: 18/18 MP: 1/1
    63 | D:1      | Reached skill level 1 in Maces & Flails
   122 | D:1      | Gained mutation: You are partially covered in rugged brown scales. (AC +1, +3% HP) [demonic ancestry]
   122 | D:1      | Reached XP level 2. HP: 17/24 MP: 1/2
   961 | D:2      | Found an iron altar of Okawaru.
   972 | D:2      | Gained mutation: Your flesh is cold resistant. (rC+) [demonic ancestry]
   972 | D:2      | Reached XP level 3. HP: 29/29 MP: 2/3
  1225 | D:2      | Reached skill level 1 in Short Blades
  1423 | D:2      | Gained mutation: You have sharp fingernails. [demonic ancestry]
  1423 | D:2      | Reached XP level 4. HP: 31/36 MP: 3/4
  2508 | D:3      | Found a bloodstained altar of Trog.
  2508 | D:3      | Noticed an eye of draining
  2509 | D:3      | Noticed an eye of draining
  2552 | D:3      | Killed an eye of draining
  2552 | D:3      | Reached skill level 5 in Short Blades
  2552 | D:3      | Gained mutation: When hurt, damage is shared between your health and your magic reserves. [demonic ancestry]
  2552 | D:3      | Reached XP level 5. HP: 30/42 MP: 0/5
  2575 | D:3      | Killed an eye of draining
  2575 | D:3      | Gained mutation: You are immune to freezing clouds. [demonic ancestry]
  2575 | D:3      | Reached XP level 6. HP: 37/48 MP: 1/6
  2632 | D:3      | Noticed Sigmund
  2639 | D:3      | Killed Sigmund
  3066 | D:3      | Gained mutation: You are mostly covered in rugged brown scales. (AC +2, +5% HP) [demonic ancestry]
  3066 | D:3      | Reached XP level 7. HP: 27/54 MP: 3/7
  3656 | D:4      | Reached skill level 1 in Shields
  3820 | D:4      | Gained mutation: You regenerate magic rapidly. [demonic ancestry]
  3820 | D:4      | Reached XP level 8. HP: 56/60 MP: 4/8
  4139 | D:5      | Entered Level 5 of the Dungeon
  4230 | D:5      | Found a staircase to the Ecumenical Temple.
  4265 | Temple   | Entered the Ecumenical Temple
  4289 | Temple   | Became a worshipper of Uskayaw the Reveler
  4334 | D:5      | Reached * piety under Uskayaw
  4438 | D:5      | Reached ** piety under Uskayaw
  4440 | D:5      | Reached *** piety under Uskayaw
  4445 | D:5      | Reached **** piety under Uskayaw
  4447 | D:5      | Reached skill level 5 in Shields
  4594 | D:5      | Found a burning altar of Makhleb.
  4698 | D:6      | Noticed Hedningen's ghost (novice MiAc)
  4726 | D:6      | Killed Hedningen's ghost
  5029 | D:6      | Gained mutation: You have very sharp fingernails. [demonic ancestry]
  5029 | D:6      | Reached XP level 9. HP: 66/66 MP: 8/9
  5125 | D:6      | Found a shadowy altar of Dithmenos.
  5338 | D:7      | Reached ***** piety under Uskayaw
  5350 | D:7      | Noticed Hedningen's ghost (novice OpAc)
  5371 | D:7      | Killed Hedningen's ghost
  5537 | D:7      | Reached skill level 10 in Shields
  5725 | D:7      | Found Taank's General Store.
  5728 | D:7      | Bought a potion of heal wounds for 65 gold pieces
  5820 | D:8      | Noticed Prince Ribbit
  5830 | D:8      | Killed Prince Ribbit
  5830 | D:8      | Reached XP level 10. HP: 72/72 MP: 8/10
  5905 | D:8      | Noticed Psyche
  5911 | D:8      | Reached ****** piety under Uskayaw
  5912 | D:8      | Killed Psyche
  5978 | D:8      | Found an opulent altar of Gozag.
  6027 | D:8      | Found a staircase to the Lair.
  6157 | D:8      | Found a bloodstained altar of Trog.
  6157 | D:8      | Found a shimmering altar of Xom.
  6163 | D:8      | Found a viscous altar of Jiyva.
  6165 | D:8      | Found a faded altar of an unknown god.
  6166 | D:8      | Found a faded altar of an unknown god.
  6174 | D:8      | Got a bound granite ring
  6175 | D:8      | Identified the ring of Cheibriados's Reproof {rF+ Int+3} (You found it on level 8 of the Dungeon)
  6705 | D:9      | Gained mutation: Your mind is acute. (Int +2) [mutagenic meat]
  6750 | D:9      | Found a blossoming altar of Fedhas.
  6756 | D:9      | Found a glowing golden altar of the Shining One.
  6784 | D:9      | Noticed a two-headed ogre
  6800 | D:9      | Killed a two-headed ogre
  6810 | D:9      | Found a shimmering altar of Xom.
  6995 | D:10     | Entered Level 10 of the Dungeon
  7102 | D:10     | Gained mutation: You resist negative energy. (rN+) [demonic ancestry]
  7102 | D:10     | Reached XP level 11. HP: 78/78 MP: 10/11
  7134 | D:10     | Found a staircase to the Orcish Mines.
  7257 | D:10     | Noticed an unseen horror
  7265 | D:10     | Killed an unseen horror
  7344 | D:10     | Found a glowing golden altar of the Shining One.
  7636 | D:11     | Found Teifa's Gadget Shoppe.
  7650 | D:11     | Found Ereifos's Jewellery Emporium.
  7694 | D:11     | Found Saenois's General Store.
  7810 | D:11     | Noticed a two-headed ogre
  7820 | D:11     | Killed a two-headed ogre
  7894 | D:11     | Found Yhuzeih's Book Shoppe.
  8062 | D:11     | Gained mutation: You evolve. [mutagenic meat]
  8142 | D:11     | Noticed a four-headed hydra
  8153 | D:11     | Killed a four-headed hydra
  8545 | D:12     | Noticed a two-headed ogre
  8558 | D:12     | Killed a two-headed ogre
  8744 | D:12     | Noticed a tengu warrior
  8762 | D:12     | Killed a tengu warrior
  8762 | D:12     | Reached skill level 15 in Shields
  9156 | D:12     | Reached XP level 12. HP: 85/85 MP: 9/12
  9386 | D:13     | Reached skill level 4 in Fighting
  9512 | D:13     | Reached skill level 5 in Fighting
  9540 | D:13     | Found a gate to the Vaults.
  9612 | D:13     | Gained mutation: Your spells are a little harder to cast, but a little more powerful. [mutagenic meat]
  9613 | D:13     | Gained mutation: Your flesh is heat resistant. (rF+) [mutagenic meat]
  9629 | D:13     | Reached skill level 6 in Fighting
  9742 | D:13     | Found Tusezeng's Book Boutique.
  9940 | D:13     | Reached skill level 7 in Fighting
 10007 | D:13     | Found Ipomo's Food Emporium.
 10227 | D:13     | Found Eshreh's Antique Weapon Shop.
 10339 | D:14     | Reached skill level 8 in Fighting
 10411 | D:14     | Noticed a tengu warrior
 10411 | D:14     | Noticed Sonja
 10418 | D:14     | Noticed a centaur warrior
 10424 | D:14     | Killed a tengu warrior
 10435 | D:14     | Killed a centaur warrior
 10435 | D:14     | Reached skill level 9 in Fighting
 10498 | D:14     | Found a sacrificial altar of Ru.
 10528 | D:14     | Killed Sonja
 10711 | D:14     | Reached skill level 10 in Fighting
 10749 | D:14     | Found a radiant altar of Vehumet.
 11104 | D:14     | You fall through a shaft!
 11104 | D:15     | Entered Level 15 of the Dungeon
 11287 | D:15     | Noticed a fire dragon
 11303 | D:15     | Killed a fire dragon
 11303 | D:15     | Reached skill level 11 in Fighting
 11303 | D:15     | Reached XP level 13. HP: 106/111 MP: 11/13
 11424 | D:15     | Found a staircase to the Depths.
 11424 | D:15     | Noticed a frost giant
 11457 | D:15     | Killed a frost giant
 11644 | D:15     | Reached skill level 12 in Fighting
 11994 | D:15     | Reached skill level 13 in Fighting
 12331 | Lair:1   | Entered Level 1 of the Lair of Beasts
 13715 | Lair:2   | Found a staircase to the Swamp.
 13777 | Lair:2   | Reached skill level 14 in Fighting
 14908 | Lair:3   | Reached XP level 14. HP: 106/127 MP: 9/14
 15115 | Lair:3   | Found a hole to the Spider Nest.
 15447 | Lair:4   | Reached skill level 15 in Fighting
 15457 | Lair:4   | Noticed toni2068's ghost (journeyman HCAc)
 15477 | Lair:4   | Killed toni2068's ghost
 15608 | Lair:4   | Found a dark tunnel.
 15616 | Volcano  | Entered a volcano
 15866 | Volcano  | Found a bloodstained altar of Trog.
 15889 | Volcano  | Found a burning altar of Makhleb.
 15998 | Lair:4   | Reached skill level 16 in Fighting
 16045 | Lair:4   | Noticed Nergalle
 16069 | Lair:4   | Killed Nergalle
 17349 | Lair:6   | Entered Level 6 of the Lair of Beasts
 17373 | Lair:6   | Reached skill level 17 in Fighting
 17884 | Lair:6   | Reached skill level 1 in Invocations
 18026 | Lair:6   | Reached XP level 15. HP: 141/141 MP: 14/18
 18055 | Lair:6   | Reached skill level 5 in Invocations
 18063 | Lair:6   | Found a viscous altar of Jiyva.
 18073 | Lair:6   | Found a staircase to the Slime Pits.
 18715 | Lair:6   | Got an ichor-stained leather armour
 18907 | Orc:1    | Entered Level 1 of the Orcish Mines
 19131 | Orc:2    | Entered Level 2 of the Orcish Mines
 19282 | Orc:2    | Noticed an orc warlord
 19682 | Orc:1    | Killed an orc warlord
 19682 | Orc:1    | Reached skill level 1 in Armour
 19715 | Orc:2    | Reached skill level 10 in Invocations
 19789 | Orc:2    | Found a staircase to the Elven Halls.
 19887 | Orc:2    | Found Butiwone's General Store.
 19902 | Orc:2    | Found Tukohyteo's Antique Armour Emporium.
 19905 | Orc:2    | Found Xyfih's Magic Scroll Shop.
 19908 | Orc:2    | Bought a scroll of identify for 24 gold pieces
 19908 | Orc:2    | Bought a scroll of identify for 24 gold pieces
 19911 | Orc:2    | Found Luropt's Weapon Shoppe.
 20167 | Orc:2    | Bought a bronze scale mail for 225 gold pieces
 20167 | Orc:2    | Bought a pair of boots for 112 gold pieces
 20167 | Orc:2    | Identified the +8 scale mail "Esaynaul" {rCorr} (You bought it in a shop on level 2 of the Orcish Mines)
 20202 | Orc:2    | Found a roughly hewn altar of Beogh.
 20406 | Orc:1    | Reached skill level 5 in Armour
 20722 | Elf:1    | Entered Level 1 of the Elven Halls
 21128 | Elf:1    | Gained mutation: You have claws for hands. [demonic ancestry]
 21128 | Elf:1    | Reached XP level 16. HP: 150/150 MP: 21/24
 21660 | Elf:1    | Identified a scroll of acquirement
 21661 | Elf:1    | Got a polished helmet
 21672 | Elf:1    | Identified the -1 helmet of the Countless Mice {rF+++ MR- Stlth+} (You acquired it on level 1 of the Elven Halls)
 21956 | Elf:2    | Found a huge runed gate.
 21957 | Elf:2    | Found a huge runed gate.
 21958 | Elf:2    | Found a huge runed gate.
 21959 | Elf:2    | Found a huge runed gate.
 21960 | Elf:2    | Found a huge runed gate.
 21981 | Elf:2    | Found a huge runed gate.
 21981 | Elf:2    | Found a huge runed gate.
 21981 | Elf:2    | Found a huge runed gate.
 21981 | Elf:2    | Found a huge runed gate.
 21982 | Elf:2    | Found a huge runed gate.
 21982 | Elf:2    | Found a huge runed gate.
 21983 | Elf:2    | Found a huge runed gate.
 21984 | Elf:2    | Found a huge runed gate.
 21989 | Elf:2    | Found a huge runed gate.
 21990 | Elf:2    | Found a huge runed gate.
 21990 | Elf:2    | Found a huge runed gate.
 21991 | Elf:2    | Found a huge runed gate.
 21994 | Elf:2    | Found a huge runed gate.
 22017 | Elf:2    | Found a huge runed gate.
 22017 | Elf:2    | Found a huge runed gate.
 22020 | Elf:2    | Found a huge runed gate.
 22020 | Elf:2    | Found a huge runed gate.
 22020 | Elf:2    | Found a huge runed gate.
 22021 | Elf:2    | Found a huge runed gate.
 22034 | Elf:2    | Found a huge runed gate.
 22036 | Elf:2    | Found a huge runed gate.
 22060 | Elf:2    | Reached skill level 10 in Armour
 22091 | Elf:2    | Found a large runed door.
 22091 | Elf:2    | Found a large runed door.
 22138 | Elf:2    | Found a large runed door.
 22138 | Elf:2    | Found a large runed door.
 22158 | Elf:2    | Found a huge runed gate.
 22158 | Elf:2    | Found a huge runed gate.
 22159 | Elf:2    | Found a huge runed gate.
 22159 | Elf:2    | Found a huge runed gate.
 22160 | Elf:2    | Found a huge runed gate.
 22162 | Elf:2    | Found a huge runed gate.
 22163 | Elf:2    | Found a huge runed gate.
 22288 | Elf:2    | Identified the +3 leather armour "Watefauj" {rC+} (You found it on level 6 of the Lair of Beasts)
 22422 | Elf:2    | Gained mutation: Your system is resistant to poisons. (rPois) [evolution]
 22941 | Elf:2    | Reached XP level 17. HP: 142/156 MP: 21/25
 23051 | Elf:2    | Noticed a deep elf blademaster
 23133 | Elf:2    | Killed a deep elf blademaster
 23697 | Elf:3    | Entered Level 3 of the Elven Halls
 23848 | Elf:3    | Gained mutation: Your spells are harder to cast, but more powerful. [mutagenic meat]
 23849 | Elf:3    | Gained mutation: You expend magic power (3 MP) to strengthen your wands. [mutagenic meat]
 24489 | Elf:3    | Noticed a deep elf blademaster
 24514 | Elf:3    | Killed a deep elf blademaster
 24548 | Elf:3    | Reached skill level 15 in Armour
 24565 | Elf:3    | Cast into level 4 of the Abyss (a deep elf sorcerer)
 24582 | Abyss:4  | Got a steaming hand crossbow
 24917 | Abyss:4  | Noticed a lich
 24917 | Abyss:4  | Noticed a lich
 24917 | Abyss:4  | Noticed a lich
 24917 | Abyss:4  | Noticed a lich
 24918 | Abyss:4  | Noticed a lich
 25066 | Abyss:5  | Noticed a lich
 25097 | Abyss:5  | Killed a lich
 25114 | Abyss:5  | Gained mutation: You possess an exceptional clarity of mind. [mutagenic meat]
 25116 | Abyss:5  | Gained mutation: Scrolls take you a little longer to read. [mutagenic meat]
 25118 | Abyss:5  | Gained mutation: You are robust. (+10% HP) [mutagenic meat]
 25160 | Elf:3    | Escaped the Abyss
 25165 | Elf:3    | HP: 6/256 [ghostly deep elf knight/stone arrow (25)]
 25171 | Elf:3    | HP: 4/256 [ghostly deep elf knight/stone arrow (27)]
 25175 | Elf:3    | Killed from afar by a ghostly deep elf knight

Vault maps used:
D:1:      minmay_arrival_cross
D:2:      okawaru_metal_pillars_1_2, first_ration, minmay_door_square
D:3:      minmay_crystal_water, mrwooster_statue_mirror,
          roderic_serpentine_path, trog_eyes_of_draining, uniq_sigmund
D:5:      temple_statues, makhleb_blood_cavern_becter
D:6:      grunt_dithmenos_smoke
D:7:      serial_shops, nicolae_shop_behind_doors, kennysheep_another_room
D:8:      chequers_temple_overflow_minitemple, grunt_gozag_statues,
          grunt_lair_entry_orc_guard_hut, uniq_psyche, uniq_prince_ribbit1
D:9:      minitemple, hangedman_little_slice_of_home, tgw_xom
D:10:     zombieorc2_lemuel, basic_altar
D:11:     serial_shops, nicolae_shop_behind_doors, nicolae_shop_window_shopping,
          nicolae_shop_statue_plus, kennysheep_little_box
D:12:     serial_curves, eino_curves_02, eino_curves_01
D:13:     erik_vaults_1, serial_shops, shop_fountains, shop, shop,
          kennysheep_generic_room_13
D:14:     basic_altar, basic_altar, minivault_8, uniq_sonja
D:15:     grunt_enter_depths_snipers, small_statue_intersection,
          serial_bayou_lake_a
Temple:   regret_index_temple_sphere_string
Lair:1:   serial_bayou_shore_a
Lair:2:   swamp_mist_pool, special_room
Lair:3:   nicolae_spider_entry_tight_spaces, minmay_lair_oklob_chamber
Lair:4:   enter_volcano_2, ice2_lemuel, grunt_megastairs_4,
          infiniplex_staircase_pool, uniq_nergalle
Lair:6:   minmay_lair_end_enchanted_forest, slime_altar_1, grunt_megastairs_3
Orc:1:    rock_pile
Orc:2:    st_orc_open, basic_altar
Elf:1:    eino_elf_arrival_sip, hangedman_elf_represent, fountainhead
Elf:2:    door_vault
Elf:3:    minmay_elf_hall_dome
Abyss:4:  due_exit_kobolds, lemuel_flamethrower_2,
          gammafunk_abyss_rune_reverse_zot
Abyss:5:  nicolae_abyss_rune_left_handed
Volcano:  volcano_grotto

Skill      XL: |  1  2  3  4  5  6  7  8  9 10 11 12 13 14 15 16 17 |
---------------+----------------------------------------------------+-----
Maces & Flails | 1 2 3 |  3.0
Short Blades   | 1 5 6 7 8 |  8.2
Shields        | 3 7 10 13 15 | 15.4
Fighting       | 11 14 17 | 17.6
Invocations    | 4 11 | 11.8
Armour         | 7 12 15 | 15.8
Dodging        | |  2.6
Stealth        | |  0.8

Action                   |  1- 3 |  4- 6 |  7- 9 | 10-12 | 13-15 | 16-18 || total
-------------------------+-------+-------+-------+-------+-------+-------++-------
Melee: Whip              |    42 |       |       |       |       |       ||    42
       Mace              |    70 |    98 |       |       |       |       ||   168
       Short sword       |       |    64 |       |       |       |       ||    64
       Quick blade       |       |    40 |   290 |   982 |  2300 |  1251 ||  4863
Throw: Pie               |       |     9 |       |       |       |       ||     9
Invok: Grand Finale      |       |       |       |       |       |     1 ||     1
Evoke: Wand              |       |       |       |       |     1 |     1 ||     2
  Use: Scroll            |     4 |     3 |     6 |     7 |    22 |    13 ||    55
       Potion            |       |     4 |       |     3 |     3 |    14 ||    24
 Stab: Paralysed         |       |       |     6 |    58 |   141 |    93 ||   298
  Eat: Chunk             |     2 |     4 |     8 |    20 |     9 |    18 ||    61
       Ration            |       |     2 |       |     2 |     6 |     2 ||    12
Armor: Robe              |     8 |       |       |       |       |       ||     8
       Chain mail        |    84 |    99 |    54 |   118 |       |       ||   355
       Fire dragon scale |       |       |       |       |   247 |       ||   247
       Scale mail        |       |       |       |       |    10 |   162 ||   172
Dodge: Dodged            |    51 |    45 |    28 |   112 |   397 |   146 ||   779
Block: Shield            |       |     3 |    42 |   273 |   718 |   287 ||  1323

Table legend:
 A = Spawn XP
 B = Non-spawn XP
 C = Spawn XP percentage of total XP
 D = Spawn monster count
 E = Non-spawn monster count
 F = Spawn count percentage of total count
 G = Total turns spent on level
                    A         B        C        D         E        F      G
               +---------+---------+-------+---------+---------+-------+---------
         Total |   10908 |  269743 |   3.9 |      19 |    1020 |   1.8 | 25175
               +---------+---------+-------+---------+---------+-------+---------
           D:1 |       0 |      39 |   0.0 |       0 |      19 |   0.0 |   940
           D:2 |       0 |     117 |   0.0 |       0 |      25 |   0.0 |  1440
           D:3 |       0 |     661 |   0.0 |       0 |      35 |   0.0 |  1035
           D:4 |       0 |     813 |   0.0 |       0 |      23 |   0.0 |   724
           D:5 |       0 |     251 |   0.0 |       0 |      17 |   0.0 |   453
           D:6 |       0 |    1151 |   0.0 |       0 |      13 |   0.0 |   678
           D:7 |       0 |    1741 |   0.0 |       0 |      14 |   0.0 |   452
           D:8 |       0 |    2334 |   0.0 |       0 |      30 |   0.0 |   497
           D:9 |       0 |    3329 |   0.0 |       0 |      33 |   0.0 |   855
          D:10 |       0 |    3497 |   0.0 |       0 |      65 |   0.0 |   629
          D:11 |       0 |    2977 |   0.0 |       0 |      13 |   0.0 |   724
          D:12 |       0 |    5055 |   0.0 |       0 |      32 |   0.0 |  1035
          D:13 |       0 |    6640 |   0.0 |       0 |      39 |   0.0 |  1066
          D:14 |       0 |    7768 |   0.0 |       0 |      29 |   0.0 |   904
          D:15 |       0 |   14894 |   0.0 |       0 |      44 |   0.0 |   942
        Lair:1 |       0 |    1618 |   0.0 |       0 |      16 |   0.0 |  1061
        Lair:2 |       0 |    4602 |   0.0 |       0 |      40 |   0.0 |   826
        Lair:3 |       0 |    8647 |   0.0 |       0 |      37 |   0.0 |  1277
        Lair:4 |       0 |   12867 |   0.0 |       0 |      43 |   0.0 |   981
        Lair:5 |       0 |    5399 |   0.0 |       0 |      25 |   0.0 |   682
        Lair:6 |       0 |   23792 |   0.0 |       0 |      98 |   0.0 |  1374
         Orc:1 |       0 |    6918 |   0.0 |       0 |      44 |   0.0 |   965
         Orc:2 |       0 |   21839 |   0.0 |       0 |      91 |   0.0 |   850
         Elf:1 |       0 |   25777 |   0.0 |       0 |      38 |   0.0 |  1103
         Elf:2 |       0 |   63949 |   0.0 |       0 |      84 |   0.0 |  1872
         Elf:3 |       0 |   29354 |   0.0 |       0 |      39 |   0.0 |   883
       Abyss:4 |    3133 |    6240 |  33.4 |       8 |       8 |  50.0 |   359
       Abyss:5 |    7775 |    2904 |  72.8 |      11 |       6 |  64.7 |   236
       Volcano |       0 |    4570 |   0.0 |       0 |      20 |   0.0 |   297
               +---------+---------+-------+---------+---------+-------+---------
